 Dungeon Crawl Stone Soup version 0.28-a0-1513-ge4f4046303 (webtiles) character file.

Game seed: 10164579530453233182

2229830 Nattfarinn the Cutthroat (level 27, 192/192 HPs)
             Began as a Kobold Brigand on Jan 13, 2022.
             Was a High Priest of Ashenzari.
             Escaped with the Orb
             ... and 5 runes on Jan 17, 2022!
             The game lasted 08:28:23 (123777 turns).

Nattfarinn the Cutthroat (Kobold Brigand)         Turns: 123777, Time: 08:28:23

Health: 192/192    AC: 25    Str: 13    XL:     27
Magic:  47/47      EV: 34    Int: 14    God:    Ashenzari [*****.]
Gold:   2663       SH: 12    Dex: 29    Spells: 9/66 levels left

rFire   + + .      SeeInvis +   U - +9 short sword of Ashenzari's Sybil {vorpal, rC+ rN+ Str+4 Int-2, Elem, Self} (curse)
rCold   + + .      Faith    .   N - +2 buckler "Share My Irritation" {Comp, Bglg} (curse)
rNeg    + + +      Spirit   .   p - +3 leather armour of the Lizard {Fly rF+}
rPois   .          Reflect  .   T - +2 hat of the Omniscient Regret {rF+, Fort, Melee} (curse)
rElec   .          Harm     .   O - +4 dragonskin cloak {Comp, Melee} (curse)
rCorr   .          Rampage  .   f - +2 pair of gloves "Discomfort of Ashenzari" {Cun, Bglg} (curse)
Will    +++++      Clarity  +   X - +2 pair of boots "Gaze Upon Infinity" {Self, Melee} (curse)
Stlth   ++++......              d - amulet "Paranoia of Ashenzari" {Acrobat rC+ rN+, Cun, Comp} (curse)
HPRegen 1.22/turn               c - ring "Soothsayer of Ashenzari" {+Blink rN+ Dex+4, Fort, Comp} (curse)
MPRegen 0.30/turn               y - ring "Tethered Doubts" {rN+ Will++ Dex+3, Self, Cun} (curse)

@: flying, studying Earth Magic
A: small, no large weapons, nightstalker 3, horns 1, clumsy 2, strong-willed 1,
regeneration 1, screaming 2, shaggy fur 1, subdued magic 1, MP-powered wands
0: Orb of Zot
}: 5/15 runes: decaying, slimy, silver, abyssal, gossamer
a: Renounce Religion, Evoke Blink, Shatter the Chains


You escaped.
You worshipped Ashenzari.
Ashenzari was extremely pleased with you.
You visited 15 branches of the dungeon, and saw 61 of its levels.
You visited the Abyss 4 times.
You also visited: Sewer and Gauntlet.

You collected 9467 gold pieces.
You spent 6804 gold pieces at shops.

Inventory:

Hand Weapons
 U - the cursed +9 short sword of Ashenzari's Sybil (weapon) {vorpal, rC+ rN+ Str+4 Int-2, Elem, Self}
   (You took it off a deep elf sorcerer on level 3 of the Elven Halls)

   It inflicts extra damage upon your enemies.
   Str:       It affects your strength (+4).
   Int:       It affects your intelligence (-2).
   rC:        It protects you from cold.
   rN:        It protects you from negative energy.
   It has a curse which improves the following skills: Elements: Fire Magic, Ice
   Magic, Air Magic and Earth Magic.
   Introspection: Fighting and Spellcasting.
Armour
 f - the cursed +2 pair of gloves "Discomfort of Ashenzari" (worn) {Cun, Bglg}
   (You found it on level 1 of the Dungeon)

   It has a curse which improves the following skills: Cunning: Dodging and
   Stealth.
   Beguiling: Conjurations, Hexes and Translocations.
 p - the +3 leather armour of the Lizard (worn) {Fly rF+}
   (You bought it in a shop on level 5 of the Vaults)

   rF:        It protects you from fire.
   Fly:       It grants you flight.
 L - +8 fire dragon scales
 N - the cursed +2 buckler "Share My Irritation" (worn) {Comp, Bglg}
   (You took it off a tengu warrior on level 11 of the Dungeon)

   It has a curse which improves the following skills: Companions: Summonings
   and Necromancy.
   Beguiling: Conjurations, Hexes and Translocations.
 O - the cursed +4 dragonskin cloak (worn) {Comp, Melee}
   (You took it off Tiamat on level 4 of the Realm of Zot)

   It grants the wearer a chance to resist fire, cold, poison, electricity,
   acid, and negative energy.
   It has a curse which improves the following skills: Companions: Summonings
   and Necromancy.
   Melee Combat: Short Blades, Long Blades, Axes, Maces & Flails, Polearms,
   Staves and Unarmed Combat.
 T - the cursed +2 hat of the Omniscient Regret (worn) {rF+, Fort, Melee}
   (You acquired it on level 1 of the Vaults)

   rF:        It protects you from fire.
   It has a curse which improves the following skills: Fortitude: Armour and
   Shields.
   Melee Combat: Short Blades, Long Blades, Axes, Maces & Flails, Polearms,
   Staves and Unarmed Combat.
 X - the cursed +2 pair of boots "Gaze Upon Infinity" (worn) {Self, Melee}
   (You found it on level 5 of the Lair of Beasts)

   It has a curse which improves the following skills: Introspection: Fighting
   and Spellcasting.
   Melee Combat: Short Blades, Long Blades, Axes, Maces & Flails, Polearms,
   Staves and Unarmed Combat.
Jewellery
 a - the ring of Tomorrow {Will+ AC+4 Dex+4}
   (You took it off a deep elf sorcerer on level 3 of the Elven Halls)

   [ring of protection]

   AC:        It affects your AC (+4).
   Dex:       It affects your dexterity (+4).
   Will:      It increases your willpower.
 c - the cursed ring "Soothsayer of Ashenzari" (left hand) {+Blink rN+ Dex+4, Fort, Comp}
   (You found it on level 3 of the Crypt)

   [ring of positive energy]

   Dex:       It affects your dexterity (+4).
   rN:        It protects you from negative energy.
   +Blink:    It lets you blink.
   It has a curse which improves the following skills: Fortitude: Armour and
   Shields.
   Companions: Summonings and Necromancy.
 d - the cursed amulet "Paranoia of Ashenzari" (around neck) {Acrobat rC+ rN+, Cun, Comp}
   (You bought it in a shop on level 4 of the Dungeon)

   [amulet of the acrobat]

   It increases your evasion while moving and waiting.
   rC:        It protects you from cold.
   rN:        It protects you from negative energy.
   It has a curse which improves the following skills: Cunning: Dodging and
   Stealth.
   Companions: Summonings and Necromancy.
 y - the cursed ring "Tethered Doubts" (right hand) {rN+ Will++ Dex+3, Self, Cun}
   (You found it on level 3 of the Crypt)

   [ring of positive energy]

   Dex:       It affects your dexterity (+3).
   rN:        It protects you from negative energy.
   Will:      It greatly increases your willpower.
   It has a curse which improves the following skills: Introspection: Fighting
   and Spellcasting.
   Cunning:   Dodging and Stealth.
 M - the ring of the Falcon {Wiz rC+}
   (You took it off a deep elf zephyrmancer on level 3 of the Elven Halls)

   [ring of wizardry]

   It improves your spell success rate.
   rC:        It protects you from cold.
 W - the ring "Foditig" {Fly rF++ rC+ Will+ Int-5}
   (You found it on level 2 of the Realm of Zot)

   [ring of protection from cold]

   Int:       It affects your intelligence (-5).
   rF:        It greatly protects you from fire.
   rC:        It protects you from cold.
   Fly:       It grants you flight.
   Will:      It increases your willpower.
Wands
 h - a wand of digging (16)
 l - a wand of flame (74)
 r - a wand of polymorph (37)
 E - a wand of charming (19)
 G - a wand of mindburst (17)
 J - a wand of paralysis (32)
 P - a wand of iceblast (50)
 R - a wand of acid (14)
Scrolls
 j - 8 scrolls of fog
 k - 3 scrolls of magic mapping
 n - 6 scrolls of fear
 s - 4 scrolls of silence
 t - 7 scrolls of teleportation
 z - 4 scrolls of amnesia
 B - a scroll of summoning
 K - a scroll of torment
 V - 4 scrolls of holy word
 Y - 13 scrolls of immolation
Potions
 i - 5 potions of magic
 m - 6 potions of haste
 o - 9 potions of flight
 u - 7 potions of mutation
 w - 10 potions of might
 x - 12 potions of ambrosia
 A - 4 potions of heal wounds
 C - 10 potions of curing
 D - 2 potions of invisibility
 F - 7 potions of brilliance
 H - 2 potions of resistance
 I - 5 potions of cancellation
Miscellaneous
 g - the horn of Geryon
 Q - a box of beasts
 S - a condenser vane
 Z - a phantom mirror


   Skills:
 - Level 20.6(24.8) Fighting
 - Level 25.4(27) Short Blades
 - Level 5.9 Throwing
 - Level 16.2(19.5) Armour
 - Level 12.6(17.1) Dodging
 - Level 21.6(25.7) Stealth
 - Level 9.0(12.5) Shields
 - Level 16.0(20.3) Spellcasting
 - Level 11.9(15.3) Hexes
 - Level 13.8(19.2) Summonings
 - Level 12.0(17.5) Necromancy
 - Level 11.6(15.1) Translocations
 * Level 14.9 Transmutations
 - Level 18.0(20.1) Fire Magic
 - Level 6.8 Poison Magic
 - Level 13.4 Evocations


You had 9 spell levels left.
You knew the following spells:

 Your Spells              Type           Power      Damage    Failure   Level
a - Ensorcelled Hibernat  Hex/Ice        54%        N/A       1%          2
b - Passwall              Tmut/Erth      22%        N/A       1%          2
c - Borgnjor's Revivific  Necr           24%        N/A       22%         8
e - Confusing Touch       Hex            44%        N/A       0%          3
f - Olgreb's Toxic Radia  Pois           25%        N/A       2%          4
g - Ignite Poison         Fire/Tmut/Pois 41%        N/A       1%          3
h - Ignition              Fire           26%        3d9       7%          8
i - Silence               Hex/Air        13%        N/A       4%          5
j - Blink                 Tloc           86%        N/A       0%          2
k - Malign Gateway        Summ/Tloc      24%        N/A       2%          7
l - Dispersal             Tloc           21%        N/A       1%          6
m - Haunt                 Necr/Summ      25%        N/A       1%          7

Your spell library contained the following spells:

 Spells                   Type           Power      Damage    Failure   Level
 Animate Skeleton         Necr           96%        N/A       0%          1
 Apportation              Tloc           86%        N/A       0%          1
 Beastly Appendage        Tmut           86%        N/A       0%          1
 Pain                     Necr           100%       1d9       0%          1
 Slow                     Hex            100%       N/A       0%          1
 Summon Small Mammal      Summ           100%       N/A       0%          1
 Call Imp                 Summ           51%        N/A       0%          2
 Sublimation of Blood     Necr           48%        N/A       0%          2
 Wereblood                Tmut           43%        N/A       0%          2
 Gell's Gravitas          Tloc           43%        N/A       0%          3
 Lesser Beckoning         Tloc           43%        N/A       0%          3
 Summon Guardian Golem    Hex/Summ       48%        N/A       0%          3
 Teleport Other           Tloc           43%        N/A       0%          3
 Vampiric Draining        Necr           48%        2d9       0%          3
 Foxfire                  Conj/Fire      100%       2x1d9     1%          1
 Conjure Flame            Conj/Fire      33%        6-21      1%          3
 Dazzling Flash           Conj/Hex       56%        N/A       1%          3
 Spider Form              Tmut/Pois      34%        N/A       1%          3
 Animate Armour           Summ/Erth      64%        N/A       1%          4
 Animate Dead             Necr           24%        N/A       1%          4
 Fulminant Prism          Conj/Hex       14%        3d9       1%          4
 Ice Form                 Ice/Tmut       27%        N/A       1%          4
 Iskenderun's Mystic Bla  Conj/Tloc      27%        2d7       1%          4
 Passage of Golubria      Tloc           43%        N/A       1%          4
 Sticky Flame             Conj/Fire      33%        2d5       1%          4
 Summon Ice Beast         Ice/Summ       32%        N/A       1%          4
 Summon Lightning Spire   Summ/Air       32%        N/A       1%          4
 Agony                    Necr           48%        N/A       1%          5
 Alistair's Intoxication  Tmut/Pois      22%        N/A       1%          5
 Blade Hands              Tmut           21%        N/A       1%          5
 Excruciating Wounds      Necr           24%        N/A       1%          5
 Fireball                 Conj/Fire      16%        3d8       1%          5
 Manifold Assault         Tloc           43%        N/A       1%          5
 Summon Mana Viper        Hex/Summ       48%        N/A       1%          5
 Monstrous Menagerie      Summ           25%        N/A       1%          7
 Summon Hydra             Summ           25%        N/A       1%          7
 Freeze                   Ice            44%        1d6       3%          1
 Magic Dart               Conj           48%        1d5       3%          1
 Shock                    Conj/Air       44%        1d5       3%          1
 Mephitic Cloud           Conj/Pois/Air  16%        N/A       4%          3
 Irradiate                Conj/Tmut      13%        3d17      4%          5
 Metabolic Englaciation   Hex/Ice        13%        N/A       4%          5
 Searing Ray              Conj           24%        2d5       5%          2
 Static Discharge         Conj/Air       11%        N/A       5%          2
 Dragon Form              Tmut           21%        N/A       8%          7
 Starburst                Conj/Fire      16%        6d6       10%         6
 Summon Horrible Things   Summ           25%        N/A       11%         8
 Frozen Ramparts          Ice            22%        1d4       12%         3
 Ozocubu's Armour         Ice            11%        N/A       12%         3
 Swiftness                Air            11%        N/A       12%         3
 Simulacrum               Ice/Necr       15%        N/A       17%         6
 Infestation              Necr           24%        N/A       22%         8
 Hailstorm                Conj/Ice       11%        3d5       36%         4
 Necromutation            Tmut/Necr      22%        N/A       36%         8
 Airstrike                Air            5%         N/A       38%         4
 Spellforged Servitor     Conj/Summ      16%        N/A       56%         7
 Freezing Cloud           Conj/Ice/Air   5%         6-21      73%         5
 Iskenderun's Battlesphe  Conj           12%        2d7       73%         5
 Lightning Bolt           Conj/Air       5%         1d17      73%         5
 Storm Form               Tmut/Air       13%        N/A       87%         7
 Death's Door             Necr           24%        N/A       98%         9
 Iron Shot                Conj/Erth      5%         9d2       100%        6
 Ozocubu's Refrigeration  Ice            5%         4d6       100%        7
 Lehudib's Crystal Spear  Conj/Erth      5%         10d3      100%        8
 Maxwell's Capacitive Co  Air            5%         ∞         100%        8
 Chain Lightning          Conj/Air       5%         3d7       100%        9
 Polar Vortex             Ice            5%         N/A       100%        9


Dungeon Overview and Level Annotations

Branches:
Dungeon (15/15)            Temple (1/1) D:4            Lair (6/6) D:8
  Swamp (4/4) Lair:4       Spider (4/4) Lair:3        Slime (5/5) Lair:5
    Orc (2/2) D:11            Elf (3/3) Orc:2        Vaults (5/5) D:14
  Crypt (3/3) Vaults:2       Tomb (1/3) Crypt:3      Depths (4/4) D:15
   Hell (visited)             Dis (0/7) Hell            Geh (2/7) Hell
    Coc (0/7) Hell            Tar (0/7) Hell            Zot (5/5) Depths:4
  Sewer (visited)         Gauntlet (visited)

Altars:
Ashenzari
Cheibriados
Dithmenos
Elyvilon
Fedhas
Gozag
Hepliaklqana
Kikubaaqudgha
Makhleb
Nemelex Xobeh
Okawaru
Qazlal
Ru
Sif Muna
Trog
Uskayaw
Vehumet
Wu Jian
Xom
Yredelemnul
Zin
The Shining One
Jiyva
Lugonu

Shops:
D:4 *   D:10 (   Orc:2 =(*[   Elf:2 *   Vaults:1 ?   Vaults:3 [   Vaults:5 [
Depths:2 [   Depths:4 *(*

Portals:
Hell: Depths:1 Depths:2 Depths:3 Depths:4
Abyss: Depths:2 Depths:3
Pandemonium: Depths:2
Ziggurat: Depths:1
Trove: Depths:3 (give 19 potions of curing)

Annotations:
Zot:5 1 exclusion


Innate Abilities, Weirdness & Mutations

You are small and have problems with some larger weapons.
You are completely attuned to the shadows.
You have a pair of small horns on your head.
You are very clumsy. (Dex -4)
You are strong-willed. (Will+)
Your natural rate of healing is unusually fast.
You frequently scream uncontrollably at your foes.
You are covered in fur. (AC +1)
Your spells are a little easier to cast, but a little less powerful.
You expend magic power (3 MP) to strengthen your wands.


Message History

Your eldritch tentacle slaps the hell hog!
The hell hog goes berserk!
Your eldritch tentacle claws the hell hog!
Your eldritch tentacle slaps the hell hog!
Your eldritch tentacle claws the hell hog but does no damage.
Unknown command.
You barely miss the hell hog. You headbutt the hell hog.
The hell hog is heavily wounded.
The hell hog completely misses you. The hell hog breathes fire at you.
The fireball explodes!
The fireball engulfs the hell hog.
The hell hog completely resists.
The fireball engulfs the hell hog.
The hell hog completely resists.
The fireball engulfs the hell hog.
The hell hog completely resists.
The fireball engulfs you. You resist.
You strike the helpless hell hog from behind!
You spit the hell hog like the proverbial pig!!!!
You kill the hell hog!
Your eldritch tentacle slaps the hell hog!
Your eldritch tentacle shocks the hell hog!!
Your eldritch tentacle claws the hell hog!!
The hell hog dies!
You puncture the hell hog!
The hell hog is moderately wounded.
Unknown command.
You closely miss the hell hog.
The hell hog is moderately wounded.
The hell hog completely misses you.
Your eldritch tentacle slaps the hell hog!!
The hell hog looks as sick as possible!
Your eldritch tentacle poisons the hell hog!
Your eldritch tentacle claws the hell hog.
Your eldritch tentacle freezes the hell hog!!
The hell hog dies!
You see here a hell hog corpse.
An ice devil comes into view.
There is a staircase leading out of the dungeon here.
You start waiting. 2 hell hounds come into view.
You scream at the hell hound!
You have escaped!

###########.###...##.########.#
#####....##...#4..#........##.#
..............#{{.#..###.#.##.#
#####....##.###..{#......#.##.#
.........##....h..#....#.#.##.#
...#.....##...>..h#....#.#.##.#
.).#.....##.......#....#.#.##.#
#.##.##########...#......#.##.#
#.##.# #######.@.#..#.###.##.#
...#.# #######...#..#.....##.#
...#.# ######..########.#
...#.####### ######.........#.#
...#.#.....# #.#######.#.##
...#.#.###.# #....# #.#..#
...#)#.###.### ####.# #.#.##
...#.#.......### #.# #.#.#
...#.####..#...#######.####.#.#


You could see 2 hell hounds.

Vanquished Creatures
  the Royal Jelly (Slime:5)
  Dissolution (Slime:1)
  A dread lich (Vaults:5)
  Tiamat (Zot:4)
  3 orbs of fire
  2 ancient liches
  A royal mummy (Tomb:1)
  2 Killer Klowns
  Saint Roka (Elf:2)
  2 curse toes (Zot:3)
  9 caustic shrikes
  Geryon (Hell)
  Frederick (Crypt:3)
  5 golden dragons
  2 bone dragons (Depths:3)
  2 electric golems
  15 tentacled monstrosities
  An Ice Fiend (Depths:1)
  Rupert (Orc:2)
  2 liches
  2 deep elf blademasters
  5 searing wretches
  4 titans (Vaults:4)
  14 acid blobs
  5 quicksilver dragons
  8 Orb Guardians
  An Executioner (Abyss:1)
  12 sphinxes
  An ancient champion (Tomb:1)
  3 tengu reavers
  A tentacled starspawn (Abyss:5)
  8 death cobs
  A thorn hunter (Swamp:1)
  Gastronok (Lair:1)
  The ghost of kelmiir the Thaumaturge, an adept GnCj of Gozag (Spider:1)
  7 draconian monks
  8 shadow dragons
  18 storm dragons
  5 rockslimes
  7 fire giants
  8 azure jellies
  A daeva (Abyss:2)
  3 revenants
  The ghost of ChaosChampion the Bludgeoner, a journeyman HOFi of Beogh (Swamp:1)
  11 ghost moths
  2 iron dragons
  9 vault wardens
  3 draconian scorchers
  11 deep elf sorcerers
  5 frost giants
  8 ghouls
  5 balrugs
  8 draconian knights
  8 emperor scorpions
  A caustic shrike zombie (Depths:1)
  2 orc warlords
  A cacodemon (Depths:2)
  17 ironbound preservers
  6 draconian annihilators
  6 draconian shifters
  2 spriggan defenders (Depths:3)
  An angel (Depths:2)
  4 deep elf elementalists
  2 broodmothers
  7 very ugly things
  2 caustic shrike skeletons (Depths:3)
  5 draconian stormcallers
  2 curse skulls
  3 juggernaut skeletons (Depths:3)
  4 reapers
  5 war gargoyles
  9 quicksilver oozes
  8 ironbound thunderhulks
  7 stone giants
  A starcursed mass (Abyss:5)
  A lorocyproca (Hell)
  8 green draconians
  2 bennus (Tomb:1)
  2 eleionomae
  5 deep elf demonologists (Elf:3)
  A putrid mouth (Hell)
  7 vampire knights
  8 dire elephants
  8 deep elf annihilators
  14 purple draconians
  10 red draconians
  8 white draconians
  12 yellow draconians
  5 bunyips
  10 black draconians
  5 entropy weavers
  A spark wasp (Spider:2)
  4 blizzard demons
  9 ettins
  2 merfolk impalers (Depths:3)
  2 deep elf death magi
  5 fire dragons
  6 mummy priests (Tomb:1)
  2 yaktaur captains
  An eidolon (Crypt:2)
  2 crystal guardians
  A quicksilver dragon zombie (Tomb:1)
  14 great orbs of eyes
  9 jiangshi
  A shambling mangrove (Swamp:3)
  A rakshasa (Depths:2)
  26 vault guards
  4 jorogumos
  4 ice dragons
  3 spriggan zombies
  11 boulder beetles
  5 deep elf high priests
  A peacekeeper (Vaults:3)
  A quicksilver dragon skeleton (Depths:3)
  A caustic shrike simulacrum (Abyss:5)
  6 hydras
  2 radroaches
  6 ironbound frosthearts
  2 ghost crabs
  A stoker (Geh:1)
  An anaconda (shapeshifter) (D:12)
  2 spriggan air magi
  7 alligators
  14 centaur warriors
  A catoblepas (Lair:4)
  2 death scarabs (Tomb:1)
  12 death yaks
  6 two-headed ogres
  5 spriggan skeletons
  27 dancing weapons
  A spriggan berserker (Depths:4)
  4 deep troll earth magi
  A titan zombie (Hell)
  A shock serpent (shapeshifter) (Vaults:5)
  An emperor scorpion zombie (Crypt:1)
  12 hell hogs
  5 orc high priests
  A thrashing horror (Abyss:2)
  8 deep troll shamans
  10 tengu warriors
  3 vampire magi
  4 hell knights
  19 deep elf knights
  9 soul eaters
  Nergalle (Lair:2)
  10 sun demons
  3 titan skeletons
  A shadow wraith (Hell)
  26 skeletal warriors
  A pharaoh ant (Spider:1)
  4 iron trolls (Depths:2)
  A goliath frog (Swamp:4)
  4 sixfirhies
  A spriggan druid (Swamp:2)
  2 shadow demons
  6 steelbarb worms
  2 glowing orange brains
  16 orb spiders
  A sea snake (shapeshifter) (Vaults:4)
  An iron giant zombie (Crypt:2)
  A glowing orange brain (shapeshifter) (Vaults:5)
  6 orc knights
  A storm dragon skeleton (Depths:3)
  20 deep elf archers
  13 ironbound convokers
  4 swamp dragons (Swamp:4)
  52 deep trolls
  2 kraken simulacra (Hell)
  12 wizards
  An anaconda zombie (Hell)
  A bunyip skeleton (Crypt:3)
  A spriggan simulacrum (Crypt:1)
  3 anaconda skeletons
  14 phantasmal warriors
  5 lindwurms
  5 golden dragon skeletons (Depths:3)
  5 bog bodies
  21 wolf spiders
  2 stone giant zombies
  37 deep elf pyromancers
  12 necromancers
  44 deep elf zephyrmancers
  31 ugly things
  2 draconians (Abyss:5)
  An orc sorcerer (Orc:2)
  5 tengu skeletons
  6 shining eyes
  3 frost giant zombies (Depths:1)
  An iron dragon skeleton (Depths:3)
  A goliath frog skeleton (Crypt:2)
  3 will-o-the-wisps
  13 cyclopes
  A moth of wrath (shapeshifter) (Vaults:5)
  4 manticores
  2 sphinx skeletons (Depths:3)
  25 moths of wrath
  5 elephants (Lair:4)
  A toenail golem (D:6)
  An apocalypse crab (Abyss:5)
  A frost giant skeleton (Depths:3)
  5 rust devils (Hell)
  Maurice (Orc:1)
  14 vault sentinels
  11 cane toads
  2 eyes of devastation
  A fire giant skeleton (Depths:3)
  A water nymph (shapeshifter) (Vaults:4)
  2 black mambas
  An orange demon (Depths:2)
  4 torpor snails
  A gargoyle (D:12)
  5 komodo dragons
  3 efreet
  7 freezing wraiths
  A komodo dragon (shapeshifter) (D:15)
  4 tengu conjurers
  3 hellions
  10 yaktaurs
  3 tormentors
  5 demonic crawlers
  2 kobold demonologists (D:13)
  3 unseen horrors
  A spark wasp simulacrum (Depths:1)
  A hellwing (Abyss:2)
  An ancient zyme (Abyss:2)
  10 guardian mummies
  A meliai (shapeshifter) (D:8)
  A yaktaur skeleton (Vaults:4)
  A queen bee (D:13)
  2 harpy zombies
  A sea snake skeleton (Hell)
  7 trolls
  3 hydra zombies
  A polar bear (Lair:6)
  2 red devils
  4 tyrant leeches
  19 meliai
  12 hornets
  A merfolk (shapeshifter) (Vaults:5)
  A tengu simulacrum (Vaults:4)
  Grinder (D:3)
  A moth of wrath zombie (Crypt:2)
  Prince Ribbit (D:9)
  An ettin zombie (Hell)
  25 tarantellas
  8 dream sheep
  A hydra skeleton (Abyss:2)
  16 blink frogs
  85 slime creatures
  7 raiju
  65 flying skulls
  Sigmund (D:3)
  An alligator zombie (Hell)
  2 centaur simulacra
  31 jumping spiders
  A guardian serpent skeleton (Crypt:2)
  14 spriggans
  9 water elementals
  4 ynoxinuls
  9 wraiths
  3 wyverns
  3 air elementals
  56 yaks
  22 culicivoras
  7 nameless horrors
  A yak (shapeshifter) (Abyss:2)
  A vampire (D:11)
  A black mamba skeleton (Crypt:1)
  3 basilisks
  16 golden eyes
  Eustachio (D:6)
  7 fire elementals
  A basilisk (shapeshifter) (D:13)
  2 chaos spawn
  A steam dragon (D:9)
  59 redbacks
  2 neqoxecs (Abyss:2)
  5 wargs
  9 vampire mosquitoes
  A sea snake simulacrum (Hell)
  Menkaure (D:7)
  7 large abominations
  4 acid dragons
  13 swamp worms
  7 hell hounds
  9 water moccasins
  A demonspawn skeleton (Crypt:2)
  4 swamp drakes
  2 ice beasts
  10 necrophages
  40 orc warriors
  A sky beast (Abyss:2)
  A human skeleton (Depths:3)
  An elephant zombie (Crypt:1)
  A black bear (shapeshifter) (Vaults:2)
  2 hornet zombies
  9 black bears
  20 wolves
  5 ogres
  A blink frog skeleton (Crypt:2)
  8 centaurs
  A snapping turtle skeleton (Crypt:2)
  2 komodo dragon zombies (Crypt:1)
  4 phantoms
  A hog skeleton (Crypt:1)
  4 kobold brigands
  2 gnoll sergeants
  12 bullfrogs
  An earth elemental (Elf:1)
  A naga simulacrum (Hell)
  7 small abominations
  A wyvern skeleton (Crypt:1)
  A human simulacrum (Vaults:4)
  3 wights (D:7)
  28 killer bees
  A raiju skeleton (Crypt:1)
  5 howler monkeys
  An electric eel (Spider:3)
  6 centaur zombies
  A bullfrog zombie (D:5)
  2 quasits (Sewer)
  5 hounds
  Crazy Yiuf (D:3)
  23 orc priests
  A jelly (D:7)
  2 gnoll shamans
  Ijyb (D:3)
  4 iguanas
  8 hell rats (Hell)
  29 orc wizards
  A killer bee zombie (D:7)
  22 mummies (Tomb:1)
  2 hound skeletons
  Robin (D:4)
  2 howler monkey zombies
  13 gnolls
  6 adders
  4 shadow imps (Sewer)
  A steam dragon skeleton (Crypt:1)
  8 ufetubi
  An adder skeleton (Crypt:1)
  6 worms
  2 dart slugs
  93 orcs
  6 bats
  12 endoplasms
  11 giant cockroaches
  18 goblins
  14 hobgoblins
  6 jackals
  2 quokkas
  12 ball pythons
  A ball python skeleton (Crypt:2)
  4 frilled lizards
  30 kobolds
  A kobold zombie (Sewer)
  6 rats
  2 butterflies (Lair:3)
  A fire vortex (Geh:1)
  A lurking horror (Abyss:2)
  2 tentacles (Hell)
2425 creatures vanquished.

Vanquished Creatures (collateral kills)
  5 ancient liches
  Mennas (Depths:4)
  An orb of fire (Zot:5)
  A juggernaut (Depths:1)
  the Lernaean hydra (Swamp:4)
  6 Killer Klowns (Zot:5)
  A curse toe (Zot:4)
  A golden dragon (Zot:2)
  Jory (Vaults:4)
  A pandemonium lord (D:5)
  A bone dragon (Crypt:3)
  7 tentacled monstrosities
  2 electric golems
  16 Orb Guardians
  3 searing wretches (Hell)
  A lich (Crypt:3)
  2 quicksilver dragons
  2 titans
  5 acid blobs
  A thorn hunter (Swamp:4)
  3 storm dragons
  Donald (Spider:2)
  3 draconian monks
  A revenant (Crypt:1)
  3 fire giants
  2 rockslimes (Slime:5)
  2 deep elf sorcerers
  A ghost moth (Zot:5)
  A vault warden (Vaults:3)
  A frost giant (Vaults:5)
  4 draconian scorchers
  3 draconian shifters
  4 quicksilver oozes
  A caustic shrike skeleton (Depths:3)
  2 draconian annihilators
  A ghoul (Crypt:1)
  11 very ugly things
  A juggernaut skeleton (Depths:3)
  2 ironbound thunderhulks
  A draconian stormcaller (Zot:1)
  An ironbound preserver (Vaults:1)
  3 reapers
  5 green draconians
  2 deep elf demonologists
  An eleionoma (Swamp:4)
  A lorocyproca (Depths:2)
  7 dire elephants
  4 stone giants
  5 black draconians
  A white draconian (Zot:4)
  A vampire knight (Crypt:3)
  Azrael (Elf:2)
  6 red draconians
  3 purple draconians (Zot:5)
  A halazid warlock (Hell)
  3 yellow draconians
  An eidolon (Crypt:1)
  2 deep elf death magi
  2 crystal guardians (Crypt:3)
  A green death (D:2)
  A deep elf high priest (Elf:3)
  3 ettins
  3 fire dragons
  A jiangshi (Crypt:1)
  A merfolk javelineer (Depths:3)
  A boulder beetle (Spider:3)
  2 shambling mangroves
  2 great orbs of eyes
  A spriggan zombie (Crypt:3)
  2 vault guards
  An ogre mage (Vaults:5)
  2 rakshasas
  2 salamander tyrants (Geh:2)
  13 hydras
  2 ice dragons
  A ghost crab (Swamp:3)
  A spriggan air mage (Depths:1)
  An alligator (Swamp:4)
  A catoblepas (Lair:5)
  9 death yaks
  14 dancing weapons
  3 tengu warriors
  A stoker (Hell)
  3 death knights
  4 death scarabs
  7 hell hogs
  A vampire mage (Crypt:1)
  An orc high priest (Orc:2)
  3 hell knights (Crypt:3)
  A sun demon (Depths:2)
  A goliath frog (Swamp:1)
  A shadow wraith (Hell)
  A golden dragon zombie (Crypt:3)
  3 steelbarb worms
  9 swamp dragons
  6 skeletal warriors
  A spatial maelstrom (Abyss:5)
  3 spriggan druids
  6 deep trolls
  An iron troll (Depths:2)
  2 lindwurms (Vaults:1)
  2 bog bodies
  A spark wasp zombie (Depths:1)
  An orb spider (Spider:4)
  3 wizards
  2 ironbound convokers (Vaults:1)
  An orc knight (Vaults:1)
  2 phantasmal warriors
  A wolf spider (Spider:4)
  2 deep elf zephyrmancers
  5 necromancers
  3 deep elf pyromancers (Elf:2)
  3 orc sorcerers
  A shining eye (Slime:5)
  13 ugly things
  A shadow dragon skeleton (Depths:3)
  2 sphinx skeletons (Depths:3)
  A draconian (Abyss:5)
  2 frost giant zombies (Depths:1)
  5 moths of wrath
  3 rust devils
  2 ice statues (Hell)
  An alligator snapping turtle zombie (Crypt:3)
  2 vault sentinels (Vaults:3)
  A water nymph (shapeshifter) (Vaults:3)
  A smoke demon (Depths:2)
  2 torpor snails (Lair:6)
  A hellion (Hell)
  2 demonic crawlers
  A freezing wraith (Crypt:1)
  4 yaktaurs (Vaults:3)
  A guardian mummy (Tomb:1)
  2 rime drakes (Lair:6)
  A tengu conjurer (Depths:1)
  3 tarantellas
  A bloated husk (Swamp:2)
  A tyrant leech (Lair:4)
  2 raiju (Lair:6)
  A tarantella (shapeshifter) (Vaults:5)
  8 hornets
  8 polar bears (Lair:6)
  An ettin zombie (Crypt:3)
  5 dream sheep (Lair:5)
  12 slime creatures
  4 jumping spiders
  3 spriggans
  2 yaks
  3 flying skulls
  A fire dragon skeleton (Crypt:3)
  2 culicivoras
  A shadow (D:12)
  3 fire elementals (Elf:2)
  A golden eye (Slime:3)
  4 redbacks
  3 basilisks
  3 vampire mosquitoes (Swamp:1)
  2 wargs (Lair:6)
  A swamp worm (Swamp:1)
  A nameless horror (Vaults:5)
  10 hell hounds
  5 orc warriors
  7 swamp drakes (Swamp:4)
  7 black bears (Lair:6)
  2 necrophages
  2 large abominations
  7 wolves (Lair:6)
  A bullfrog (Lair:5)
  2 orc priests (Orc:2)
  2 orc wizards (Orc:2)
  5 hell rats (Hell)
  2 mummies (Tomb:1)
  6 orcs
  A creeping inferno (Hell)
  A fire vortex (Hell)
491 creatures vanquished.

Vanquished Creatures (others)
  58 eldritch tentacles
  A draconian knight (Zot:3)
  A draconian shifter (Zot:5)
  A purple draconian (Zot:1)
  A deep elf knight (Elf:2)
  2 hell knights
  A deep elf pyromancer (Elf:2)
  A moth of wrath (Zot:5)
  A nameless horror (Spider:1)
  A tormentor (Geh:1)
  A bloated husk (Swamp:1)
  2 culicivoras (Spider:1)
  An air elemental (Elf:3)
  A large abomination (D:6)
  A small abomination (Abyss:2)
  A centaur (Depths:2)
  An orc wizard (Orc:2)
  2 orcs (Orc:1)
  An endoplasm (Sewer)
  A kobold zombie (Sewer)
  A briar patch (Swamp:1)
  A bush (D:8)
  4 fire vortices
  33 fungi
  102 plants
  2 starspawn tentacles (Abyss:1)
  6 tentacles (Hell)
229 creatures vanquished.

Grand Total: 3145 creatures vanquished

Notes
Turn   | Place    | Note
-------+----------+-------------------------------------------
     0 | D:1      | Nattfarinn the Kobold Brigand began the quest for the Orb.
     0 | D:1      | Reached XP level 1. HP: 12/12 MP: 1/1
    21 | D:1      | Reached XP level 2. HP: 18/18 MP: 2/2
    30 | D:1      | Reached skill level 3 in Short Blades
   288 | D:1      | Found a faded altar of an unknown god.
   325 | D:1      | Reached XP level 3. HP: 22/22 MP: 3/3
  1309 | D:2      | Reached XP level 4. HP: 17/27 MP: 4/4
  2564 | D:3      | Reached XP level 5. HP: 28/32 MP: 5/5
  3147 | D:3      | Noticed Ijyb
  3159 | D:3      | Killed Ijyb
  3308 | D:3      | Reached skill level 4 in Short Blades
  3878 | D:3      | Found a sparkling altar of Nemelex Xobeh.
  3914 | D:3      | Noticed Grinder
  3914 | D:3      | Noticed Sigmund
  3916 | D:3      | Killed Sigmund
  3917 | D:3      | Reached XP level 6. HP: 38/38 MP: 6/6
  3920 | D:3      | Killed Grinder
  3921 | D:3      | Reached skill level 5 in Short Blades
  3921 | D:3      | Reached XP level 7. HP: 43/43 MP: 7/7
  3977 | D:3      | Found a sacrificial altar of Ru.
  4253 | D:3      | Found a runed translucent door.
  4256 | D:3      | Noticed Crazy Yiuf
  4263 | D:3      | Killed Crazy Yiuf
  5136 | D:4      | Reached XP level 8. HP: 48/48 MP: 8/8
  5645 | D:4      | Found a staircase to the Ecumenical Temple.
  5651 | Temple   | Entered the Ecumenical Temple
  5868 | Temple   | Became a worshipper of Ashenzari the Shackled
  6070 | D:4      | Noticed Robin
  6137 | D:4      | Killed Robin
  6248 | D:4      | Found Gozag's Platinum Reserve.
  6284 | D:4      | Found an opulent altar of Gozag.
  6432 | D:4      | Found a shadowy altar of Dithmenos.
  6432 | D:4      | Found a hazy altar of Hepliaklqana.
  6432 | D:4      | Noticed a shadow
  6579 | D:5      | Entered Level 5 of the Dungeon
  6594 | D:5      | Found a glowing drain.
  6625 | Sewer    | Entered a sewer
  6692 | Sewer    | Reached skill level 6 in Short Blades
  6838 | Sewer    | Found a burning altar of Makhleb.
  6885 | Sewer    | Reached skill level 5 in Fighting
  6885 | Sewer    | Reached skill level 5 in Throwing
  6885 | Sewer    | Reached skill level 10 in Stealth
  8301 | D:5      | Reached XP level 9. HP: 54/54 MP: 9/9
  8573 | D:5      | Reached skill level 7 in Short Blades
  9010 | D:6      | Noticed Eustachio
  9014 | D:6      | Killed Eustachio
  9015 | D:6      | Reached skill level 8 in Short Blades
  9597 | D:7      | Reached * piety under Ashenzari
  9658 | D:7      | Reached skill level 9 in Short Blades
 10628 | D:7      | Reached XP level 10. HP: 61/63 MP: 10/10
 11244 | D:8      | Reached skill level 5 in Dodging
 11288 | D:8      | Found a bloodstained altar of Trog.
 11547 | D:8      | Reached ** piety under Ashenzari
 11563 | D:8      | Noticed a cyan ugly thing
 11931 | D:8      | Killed a cyan ugly thing
 12153 | D:8      | Noticed a cyclops
 12183 | D:8      | Killed a cyclops
 12910 | D:8      | Noticed a komodo dragon
 13192 | D:8      | Found a staircase to the Lair.
 13370 | D:9      | Reached skill level 10 in Dodging
 13530 | D:9      | Reached XP level 11. HP: 69/69 MP: 11/11
 13646 | D:9      | Noticed a two-headed ogre
 13648 | D:9      | Killed a two-headed ogre
 13751 | D:9      | Noticed a cyclops
 13752 | D:9      | Noticed a centaur warrior
 13752 | D:9      | Noticed a purple ugly thing
 13753 | D:9      | Noticed a cyclops
 13753 | D:9      | Noticed a tengu warrior
 13758 | D:9      | Noticed a cyclops
 14143 | D:9      | Learned a level 2 spell: Ensorcelled Hibernation
 14159 | D:9      | Found a hide-covered altar of Uskayaw.
 14277 | D:9      | Reached skill level 1 in Hexes
 14401 | D:9      | Noticed Prince Ribbit
 14422 | D:9      | Killed Prince Ribbit
 14423 | D:9      | Reached skill level 1 in Spellcasting
 14627 | D:10     | Entered Level 10 of the Dungeon
 14648 | D:10     | Found Bacusau's Weapon Boutique.
 14685 | D:10     | Noticed a two-headed ogre
 14721 | D:10     | Killed a two-headed ogre
 14962 | D:10     | Noticed a two-headed ogre
 14971 | D:10     | Killed a two-headed ogre
 15057 | D:10     | Found a white marble altar of Elyvilon.
 15058 | D:10     | Reached *** piety under Ashenzari
 15596 | D:11     | Reached skill level 5 in Hexes
 15822 | D:11     | Noticed a tengu warrior
 15826 | D:11     | Killed a tengu warrior
 15827 | D:11     | Reached XP level 12. HP: 76/76 MP: 17/21
 16355 | D:11     | Noticed a two-headed ogre
 16359 | D:11     | Killed a two-headed ogre
 16521 | D:11     | Reached **** piety under Ashenzari
 16531 | D:11     | Reached skill level 1 in Shields
 16754 | D:11     | Found a staircase to the Orcish Mines.
 16800 | D:11     | Identified the +5 plate armour "Gosynycw" {rElec Dex+6}
 17494 | D:12     | Noticed a death knight
 17539 | D:12     | Reached skill level 1 in Summonings
 18186 | D:9      | Killed a centaur warrior
 18629 | D:9      | Reached skill level 5 in Summonings
 18668 | D:9      | Killed a tengu warrior
 19082 | D:8      | Identified the +0 arbalest of Gasmon {penet, Fly Dex+2}
 19106 | D:8      | Noticed a boulder beetle
 19113 | D:8      | Killed a boulder beetle
 19139 | D:8      | Reached XP level 13. HP: 82/82 MP: 24/24
 19699 | D:9      | Learned a level 2 spell: Passwall
 19703 | D:9      | Learned a level 3 spell: Swiftness
 19900 | Lair:1   | Entered Level 1 of the Lair of Beasts
 19947 | Lair:1   | Found a gate leading to a gauntlet.
 19953 | Gauntlet | Entered a Gauntlet
 19953 | Gauntlet | Found a transporter.
 19966 | Gauntlet | Found a transporter.
 19980 | Gauntlet | Found a transporter.
 19982 | Gauntlet | Found a runed translucent door.
 19997 | Gauntlet | Found a transporter.
 19997 | Gauntlet | Found the amulet of Vitality {Regen+ HP+15}
 20006 | Gauntlet | Found a transporter.
 20007 | Gauntlet | Noticed a green death
 20017 | Gauntlet | Found a transporter.
 20017 | Gauntlet | Identified the +0 cloak of Hipairust {rElec}
 20017 | Gauntlet | Identified the ring of Lenniati {Will+ AC+4 Str+7}
 20029 | Gauntlet | Found a transporter.
 20037 | Gauntlet | Found a transporter.
 20046 | Gauntlet | Found a transporter.
 20047 | Gauntlet | Found a transporter.
 20070 | Gauntlet | Found a transporter.
 20072 | Gauntlet | Identified the +0 helmet "Kaos" {rF+ Slay+2}
 20074 | Gauntlet | Identified the +10 flail "Ibawoaf" {spect, rPois}
 20094 | Gauntlet | Found a transporter.
 20105 | Gauntlet | Found a transporter.
 20198 | Gauntlet | Reached ***** piety under Ashenzari
 20250 | Gauntlet | Noticed a fire dragon
 20326 | Gauntlet | Noticed an anaconda
 20886 | Lair:1   | Noticed Gastronok
 20893 | Lair:1   | Killed Gastronok
 21540 | Lair:2   | Noticed Nergalle
 21617 | Lair:2   | Killed Nergalle
 21741 | Lair:2   | Reached skill level 10 in Summonings
 21899 | Lair:2   | Learned a level 7 spell: Summon Hydra
 21899 | Lair:2   | Noticed a boulder beetle
 21908 | Lair:2   | Killed a boulder beetle
 22120 | Lair:2   | Reached skill level 5 in Spellcasting
 23755 | D:7      | Noticed Menkaure
 23781 | D:7      | Noticed a centaur warrior
 23849 | D:7      | Killed a centaur warrior
 23959 | D:7      | Killed Menkaure
 24320 | D:7      | Reached XP level 14. HP: 86/86 MP: 26/26
 25341 | Lair:3   | Found a hole to the Spider Nest.
 26544 | Lair:4   | Reached ****** piety under Ashenzari
 26765 | Lair:4   | Learned a level 3 spell: Confusing Touch
 27124 | Lair:4   | Found a staircase to the Swamp.
 28149 | Lair:5   | Found a viscous altar of Jiyva.
 28150 | Lair:5   | Found a staircase to the Slime Pits.
 28517 | Lair:5   | Reached skill level 10 in Hexes
 28925 | Lair:6   | Entered Level 6 of the Lair of Beasts
 29048 | Lair:6   | Reached XP level 15. HP: 92/92 MP: 29/29
 30426 | Lair:6   | Reached skill level 10 in Fighting
 31688 | Orc:1    | Entered Level 1 of the Orcish Mines
 31904 | Orc:2    | Entered Level 2 of the Orcish Mines
 32426 | Orc:2    | Found a staircase to the Elven Halls.
 32663 | Orc:2    | Noticed an orc warlord
 32675 | Orc:2    | Killed an orc warlord
 32791 | Orc:2    | Reached XP level 16. HP: 64/108 MP: 4/30
 33592 | Orc:2    | Found Qupsuha's Antique Armour Emporium.
 33593 | Orc:2    | Found Naimuleb's Antique Weapon Emporium.
 33603 | Orc:2    | Found Vaguy's General Store.
 33613 | Orc:2    | Found Biroeph's Jewellery Shoppe.
 33618 | Orc:2    | Bought a scroll of teleportation for 45 gold pieces
 33922 | Orc:2    | Noticed Rupert
 33926 | Orc:2    | Killed Rupert
 34477 | Orc:1    | Noticed Maurice
 34507 | Orc:1    | Killed Maurice
 36005 | D:12     | Learned a level 4 spell: Olgreb's Toxic Radiance
 36032 | D:12     | Reached skill level 1 in Poison Magic
 36209 | D:12     | Found a snail-covered altar of Cheibriados.
 36491 | D:13     | Found a glowing golden altar of the Shining One.
 37284 | D:13     | Reached skill level 5 in Poison Magic
 38185 | D:14     | Found a gate to the Vaults.
 38432 | D:15     | Entered Level 15 of the Dungeon
 38470 | D:15     | Identified the +2 robe of Weput {Str+3 Slay+6}
 38486 | D:15     | Reached skill level 1 in Evocations
 38561 | D:15     | Found an ancient bone altar of Kikubaaqudgha.
 39138 | D:15     | Reached XP level 17. HP: 117/117 MP: 23/30
 39208 | D:15     | Found a staircase to the Depths.
 39396 | D:15     | Learned a level 3 spell: Ignite Poison
 39661 | Spider:1 | Entered Level 1 of the Spider Nest
 40206 | Spider:1 | Reached skill level 5 in Evocations
 41387 | Spider:1 | Reached skill level 1 in Fire Magic
 41703 | Spider:1 | Found a runed translucent gate.
 41703 | Spider:1 | Found a runed translucent gate.
 41703 | Spider:1 | Found a runed translucent gate.
 41713 | Spider:1 | Noticed kelmiir's ghost (adept GnCj)
 41718 | Spider:1 | Killed kelmiir's ghost
 41813 | Spider:2 | Noticed Donald
 41819 | Spider:2 | Reached skill level 5 in Fire Magic
 41832 | Spider:2 | Killed Donald
 42790 | Spider:2 | Reached XP level 18. HP: 113/126 MP: 22/33
 43956 | Spider:3 | Reached skill level 10 in Fire Magic
 43976 | Spider:3 | Identified Kecvemy's Volume of Moulding
 45619 | Swamp:1  | Entered Level 1 of the Swamp
 45621 | Swamp:1  | Found a runed translucent gate.
 45622 | Swamp:1  | Found a runed translucent gate.
 45623 | Swamp:1  | Found a runed translucent gate.
 46478 | Swamp:1  | Noticed ChaosChampion's ghost (journeyman HOFi)
 46570 | Swamp:1  | Killed ChaosChampion's ghost
 46603 | Swamp:2  | Noticed a tentacled monstrosity
 46609 | Swamp:2  | Killed a tentacled monstrosity
 47290 | Swamp:2  | Learned a level 8 spell: Ignition
 47545 | Swamp:3  | Reached XP level 19. HP: 132/132 MP: 22/34
 47718 | Swamp:3  | Identified the Grimoire of the Escort and the Volcanoes
 48430 | Swamp:4  | Entered Level 4 of the Swamp
 48855 | Swamp:4  | Reached skill level 15 in Fire Magic
 49935 | Swamp:4  | Noticed the 27-headed Lernaean hydra
 50430 | Spider:4 | Entered Level 4 of the Spider Nest
 51478 | Spider:4 | Reached skill level 10 in Spellcasting
 52219 | Spider:4 | Reached XP level 20. HP: 126/136 MP: 31/38
 52324 | Spider:4 | Got a gossamer rune of Zot
 52963 | Vaults:1 | Entered Level 1 of the Vaults
 53380 | Vaults:1 | Cast into level 3 of the Abyss (a wizard)
 53429 | Vaults:1 | Escaped the Abyss
 54648 | Vaults:1 | Reached skill level 10 in Short Blades
 54739 | Vaults:1 | Found Kufoplab's Magic Scroll Shoppe.
 54747 | Vaults:1 | Bought a scroll of acquirement for 884 gold pieces
 54747 | Vaults:1 | Acquired the +2 hat of Indomitability {rF+}
 55391 | Vaults:1 | Learned a level 5 spell: Silence
 55733 | Vaults:2 | Reached skill level 11 in Short Blades
 55887 | Vaults:2 | Reached skill level 12 in Short Blades
 56079 | Vaults:2 | Identified the +4 shortbow of the Wraith {vorpal, Will++}
 56269 | Vaults:2 | Paralysed by a sphinx for 4 turns
 56277 | Vaults:2 | HP: 4/140 [ironbound thunderhulk/bolt of lightning (26)]
 56281 | Vaults:2 | Cast into level 2 of the Abyss (a deep elf demonologist)
 56281 | Abyss:2  | Found a corrupted altar of Lugonu.
 56359 | Vaults:2 | Escaped the Abyss
 56369 | Vaults:2 | Reached skill level 13 in Short Blades
 56825 | Vaults:2 | Learned a level 2 spell: Blink
 56844 | Vaults:2 | Reached skill level 1 in Translocations
 56954 | Vaults:2 | Found a staircase to the Crypt.
 57502 | Vaults:3 | Reached XP level 21. HP: 145/145 MP: 43/43
 57510 | Vaults:3 | Learned a level 7 spell: Malign Gateway
 57583 | Vaults:3 | Reached skill level 5 in Translocations
 58290 | Vaults:3 | Gained mutation: Your body sometimes deteriorates upon
                  | taking damage. [a shining eye]
 59092 | Vaults:3 | Found Cuib's Armour Shoppe.
 59745 | Vaults:3 | Reached skill level 10 in Translocations
 60083 | Vaults:3 | Learned a level 6 spell: Dispersal
 60130 | Vaults:4 | Noticed Jory
 60168 | Vaults:3 | Reached skill level 1 in Armour
 60618 | Vaults:4 | Identified the +3 chain mail of Claustrophobia {rN+ Int-3
                  | Slay+2 SInv}
 61149 | Vaults:4 | Killed Jory
 61150 | Vaults:4 | Reached skill level 5 in Armour
 61512 | Vaults:4 | Upgraded the game from 0.28-a0-1504-g839a4452db to
                  | 0.28-a0-1506-g3893175d92
 61801 | Vaults:4 | Reached XP level 22. HP: 152/152 MP: 20/44
 63259 | Swamp:4  | Killed the 27-headed Lernaean hydra
 63935 | Swamp:4  | Got a decaying rune of Zot
 64505 | Crypt:1  | Entered Level 1 of the Crypt
 66314 | Crypt:2  | Found a basalt altar of Yredelemnul.
 66396 | Crypt:1  | Reached skill level 15 in Stealth
 68119 | Crypt:3  | Entered Level 3 of the Crypt
 68578 | Crypt:3  | Reached XP level 23. HP: 138/156 MP: 30/45
 69313 | Crypt:3  | Paralysed by a vampire knight for 4 turns
 69808 | Crypt:3  | Identified the +5 scimitar of Magnificence {vorpal, rPois
                  | Will+}
 69809 | Crypt:3  | Identified the +10 hand axe "Efieth" {elec, Will- Int+3
                  | SInv}
 69819 | Crypt:3  | Identified the ring of Linearity {+Blink rN+ Dex+4}
 69819 | Crypt:3  | Identified the amulet "Dappaufo" {rElec Regen+}
 69819 | Crypt:3  | Identified the ring of Zojoat {rN+ Will++ Dex+3}
 69855 | Crypt:3  | Reached skill level 15 in Fighting
 69958 | Crypt:3  | Noticed Frederick
 69965 | Crypt:3  | Killed Frederick
 69966 | Crypt:3  | Reached skill level 14 in Short Blades
 70144 | Crypt:3  | Found an ancient bone altar of Kikubaaqudgha.
 70145 | Crypt:3  | Noticed an ancient lich
 70225 | Crypt:3  | Killed an ancient lich
 70876 | Crypt:3  | Found a staircase to the Tomb.
 71494 | Depths:1 | Entered Level 1 of the Depths
 71506 | Depths:1 | Identified the +1 chain mail of Weak Divine Compulsion
                  | {rC+}
 71509 | Depths:1 | Noticed a juggernaut
 71520 | Depths:1 | Killed a juggernaut
 72251 | Depths:1 | Noticed a caustic shrike
 72257 | Depths:1 | Killed a caustic shrike
 72818 | Depths:1 | Found a gateway to Hell.
 72829 | Depths:1 | Found a one-way gateway to a ziggurat.
 73395 | Depths:2 | Found a one-way gate leading to the halls of Pandemonium.
 73618 | Depths:2 | Reached XP level 24. HP: 154/163 MP: 1/45
 74212 | Depths:2 | Found a one-way gate to the infinite horrors of the Abyss.
 74352 | Depths:2 | Reached skill level 15 in Spellcasting
 74533 | Depths:2 | Found Aphagg's Specialty Armours.
 75174 | Depths:3 | Learned a level 7 spell: Haunt
 75218 | Depths:3 | Found a sacrificial altar of Ru.
 75298 | Depths:3 | Found a portal to a secret trove of treasure.
 75408 | Depths:3 | Found a corrupted altar of Lugonu.
 75625 | Depths:3 | Found a faded altar of an unknown god.
 75644 | Depths:3 | Reached skill level 1 in Necromancy
 75766 | Depths:3 | Identified Sif Muna's Guide on Dislocation
 76007 | Depths:3 | Reached skill level 5 in Necromancy
 76457 | Depths:3 | Identified Foocki's Handbook of Creative Beguiling
 76670 | Depths:4 | Entered Level 4 of the Depths
 76671 | Depths:4 | Noticed Mennas
 76687 | Depths:4 | Killed Mennas
 76775 | Depths:4 | Found Gufaer's General Store.
 76777 | Depths:4 | Found Agatsob's Weapon Shop.
 76780 | Depths:4 | Found Kasehip's Assorted Antiques.
 76797 | Depths:4 | Bought a bloodstained helmet for 427 gold pieces
 76797 | Depths:4 | Identified the +2 helmet "Rualik" {Str+3 Int+2 Stlth+} (You
                  | bought it in a shop on level 4 of the Depths)
 77348 | Depths:4 | Found a gate to the Realm of Zot.
 77644 | Depths:4 | Noticed a caustic shrike
 77653 | Depths:4 | Noticed a caustic shrike
 77654 | Depths:4 | Noticed a caustic shrike
 77655 | Depths:4 | Noticed a caustic shrike
 77657 | Depths:4 | Killed a caustic shrike
 77663 | Depths:4 | Killed a caustic shrike
 77668 | Depths:4 | Killed a caustic shrike
 77669 | Depths:4 | Reached skill level 10 in Necromancy
 77671 | Depths:4 | Killed a caustic shrike
 77672 | Depths:4 | Reached XP level 25. HP: 74/171 MP: 12/47
 77852 | Depths:4 | Noticed a caustic shrike
 77853 | Depths:4 | Noticed a caustic shrike
 77853 | Depths:4 | Noticed a caustic shrike
 77853 | Depths:4 | Noticed a caustic shrike
 77873 | Depths:4 | Killed a caustic shrike
 77876 | Depths:4 | Killed a caustic shrike
 77879 | Depths:4 | Killed a caustic shrike
 77881 | Depths:4 | Killed a caustic shrike
 78112 | Depths:4 | Found a hide-covered altar of Uskayaw.
 78685 | Slime:1  | Entered Level 1 of the Pits of Slime
 79023 | Slime:2  | Reached skill level 5 in Shields
 79234 | Slime:2  | Noticed Dissolution
 79243 | Slime:2  | Gained mutation: You occasionally shout uncontrollably at
                  | your foes. [a shining eye]
 79245 | Slime:1  | Killed Dissolution
 79706 | Slime:1  | Gained mutation: Potions are less effective at restoring
                  | your health. [a shining eye]
 79711 | Slime:1  | Lost mutation: Your body sometimes deteriorates upon taking
                  | damage. [potion of mutation]
 79711 | Slime:1  | Lost mutation: Potions are less effective at restoring your
                  | health. [potion of mutation]
 79711 | Slime:1  | Lost mutation: You occasionally shout uncontrollably at
                  | your foes. [potion of mutation]
 79711 | Slime:1  | Gained mutation: Your body sometimes deteriorates upon
                  | taking damage. [potion of mutation]
 81263 | Slime:4  | Found a shimmering altar of Xom.
 81380 | Slime:5  | Entered Level 5 of the Pits of Slime
 81808 | Slime:5  | Gained mutation: Your body often deteriorates upon taking
                  | damage. [a shining eye]
 81813 | Slime:5  | Noticed the Royal Jelly
 81919 | Slime:5  | Killed the Royal Jelly
 83052 | Slime:5  | Identified the +7 morningstar of Fith {vorpal, Int-4 Dex+5}
 83052 | Slime:5  | Identified the +6 hunting sling "Xuvvamec" {flame, rElec
                  | Str+2 Stlth+}
 83052 | Slime:5  | Found the +0 pair of fencer's gloves {Riposte Dex+3}
 83070 | Slime:5  | Got a slimy rune of Zot
 83075 | Slime:5  | Identified the +0 ring mail "Nitueqou" {rF+ Dex+2}
 83077 | Slime:5  | Identified the +1 ring mail "Qoycauc" {Harm Dex+2}
 83081 | Slime:5  | Found the +5 sword of Power {vorpal}
 84172 | Vaults:5 | Entered Level 5 of the Vaults
 84176 | Vaults:5 | Reached skill level 17 in Short Blades
 84176 | Vaults:5 | Reached XP level 26. HP: 99/184 MP: 40/48
 84539 | Vaults:4 | Reached skill level 18 in Short Blades
 84679 | Vaults:5 | Noticed an ancient lich
 84830 | Vaults:5 | Reached skill level 19 in Short Blades
 85232 | Vaults:4 | Reached skill level 20 in Short Blades
 85442 | Vaults:4 | Reached skill level 21 in Short Blades
 85610 | Vaults:4 | Killed an ancient lich
 86164 | Vaults:5 | Reached skill level 22 in Short Blades
 86754 | Vaults:5 | Noticed an ancient lich
 87009 | Vaults:5 | Noticed an ancient lich
 87016 | Vaults:5 | Killed an ancient lich
 87017 | Vaults:5 | Reached skill level 23 in Short Blades
 88024 | Vaults:5 | Noticed an ancient lich
 88067 | Vaults:5 | Killed an ancient lich
 88199 | Vaults:5 | Noticed an ancient lich
 88227 | Vaults:5 | Noticed a dread lich
 88252 | Vaults:5 | Killed an ancient lich
 88611 | Vaults:5 | Identified the +1 pair of gloves of Himain {Int+2}
 89272 | Vaults:5 | Killed an ancient lich
 89629 | Vaults:5 | Found Tuiny's Armour Shoppe.
 89637 | Vaults:5 | Got a silver rune of Zot
 89641 | Vaults:5 | Bought the +3 leather armour of the Lizard {Fly rF+} for
                  | 628 gold pieces
 89847 | Vaults:5 | Killed a dread lich
 89848 | Vaults:5 | Reached XP level 27. HP: 189/189 MP: 42/48
 90441 | D:4      | Bought the amulet "Vaykh" {Acrobat rC+ rN+} for 4820 gold
                  | pieces
 90450 | D:4      | orc:1
 90758 | Elf:1    | Entered Level 1 of the Elven Halls
 90826 | Elf:1    | Identified the Handbook of Confrontation
 91131 | Elf:1    | Reached skill level 10 in Evocations
 91150 | Elf:1    | Found a shimmering blue altar of Sif Muna.
 92057 | Elf:2    | Found Jutrugig's Assorted Antiques.
 92694 | Elf:2    | Found a runed translucent gate.
 92695 | Elf:2    | Found a runed translucent gate.
 92695 | Elf:2    | Found a runed translucent gate.
 93349 | Elf:2    | Noticed Saint Roka
 93360 | Elf:2    | Killed Saint Roka
 93366 | Elf:2    | Noticed Azrael
 93377 | Elf:2    | Killed Azrael
 93683 | Elf:2    | Reached skill level 24 in Short Blades
 94142 | Elf:3    | Entered Level 3 of the Elven Halls
 94683 | Elf:3    | Identified the +5 halberd of Watchfulness {vorpal, rPois
                  | rF- rN+ Int+4}
 95283 | Elf:3    | Identified the ring of Tomorrow {Will+ AC+4 Dex+4}
 95859 | Elf:3    | Reached skill level 25 in Short Blades
 96093 | Elf:3    | Identified the ring of the Falcon {Wiz rC+}
 96110 | Elf:3    | Identified the +9 short sword "Ultimatum" {vorpal, rC+ rN+
                  | Str+4 Int-2}
 96455 | Elf:3    | Gained mutation: Your magical capacity is low. (-10% MP) [a
                  | neqoxec]
 96457 | Elf:3    | Gained mutation: Potions are less effective at restoring
                  | your health. [a neqoxec]
 96583 | Elf:3    | Identified the +0 hat of Oblivion {rF+}
 96583 | Elf:3    | Identified the Compendium of Mutagenic Malediction
 96588 | Elf:3    | Identified the Handbook of Evil
 97765 | Depths:2 | Voluntarily entered the Abyss.
 97854 | Abyss:3  | Found a corrupted altar of Lugonu.
 97903 | Abyss:5  | Entered Level 5 of the Abyss
 98032 | Abyss:5  | Found a shadowy altar of Dithmenos.
 98141 | Abyss:5  | Found a corrupted altar of Lugonu.
 98216 | Abyss:5  | Found a transporter.
 98217 | Abyss:5  | Noticed a dread lich
 98259 | Abyss:5  | Found a transporter.
 98306 | Abyss:5  | Gained mutation: You are partially covered in iridescent
                  | scales. (AC +2) [a shining eye]
 98336 | Abyss:5  | Got an abyssal rune of Zot
 98425 | Depths:2 | Escaped the Abyss
 98641 | Depths:4 | Lost mutation: Your magical capacity is low. (-10% MP)
                  | [potion of mutation]
 98641 | Depths:4 | Lost mutation: You are partially covered in iridescent
                  | scales. (AC +2) [potion of mutation]
 98641 | Depths:4 | Lost mutation: Your body often deteriorates upon taking
                  | damage. [potion of mutation]
 98641 | Depths:4 | Gained mutation: Your body often deteriorates upon taking
                  | damage. [potion of mutation]
 98641 | Depths:4 | Gained mutation: You sometimes lose the ability to read
                  | scrolls when taking damage. [potion of mutation]
 98641 | Depths:4 | Lost mutation: You sometimes lose the ability to read
                  | scrolls when taking damage. [potion of mutation]
 99023 | Tomb:1   | Entered Level 1 of the Tomb of the Ancients
 99040 | Tomb:1   | Noticed a royal mummy
 99069 | Tomb:1   | Noticed a royal mummy
 99376 | Tomb:1   | Noticed a royal mummy
 99432 | Tomb:1   | Noticed a royal mummy
 99583 | Tomb:1   | Reached skill level 10 in Armour
 99897 | Tomb:1   | Noticed a royal mummy
 99904 | Tomb:1   | Noticed a royal mummy
100290 | Tomb:1   | Noticed a royal mummy
100344 | Tomb:1   | Noticed a royal mummy
100551 | Tomb:1   | Noticed a royal mummy
100568 | Tomb:1   | Killed a royal mummy
102812 | Zot:1    | Entered Level 1 of the Realm of Zot
103039 | Zot:1    | Lost mutation: Your body often deteriorates upon taking
                  | damage. [potion of mutation]
103039 | Zot:1    | Lost mutation: Your body sometimes deteriorates upon taking
                  | damage. [potion of mutation]
103039 | Zot:1    | Gained mutation: You are strong-willed. (Will+) [potion of
                  | mutation]
103039 | Zot:1    | Lost mutation: Potions are less effective at restoring your
                  | health. [potion of mutation]
103039 | Zot:1    | Gained mutation: Your natural rate of healing is unusually
                  | fast. [potion of mutation]
103210 | Zot:1    | Noticed an orb of fire
103226 | Zot:1    | Killed an orb of fire
105018 | Zot:2    | Noticed a Killer Klown
105636 | Zot:2    | Killed a Killer Klown
106135 | Zot:2    | Identified the ring "Foditig" {Fly rF++ rC+ Will+ Int-5}
106147 | Zot:2    | Upgraded the game from 0.28-a0-1506-g3893175d92 to
                  | 0.28-a0-1513-ge4f4046303
106662 | Zot:3    | Reached skill level 15 in Armour
109938 | Zot:4    | Found the +4 dragonskin cloak
109938 | Zot:4    | Noticed Tiamat
110973 | Zot:4    | Killed Tiamat
111155 | Zot:5    | Entered Level 5 of the Realm of Zot
111378 | Depths:2 | Voluntarily entered the Abyss.
111490 | Abyss:2  | Noticed a dread lich
111494 | Abyss:2  | Found an opulent altar of Gozag.
112031 | Abyss:2  | Gained mutation: You occasionally shout uncontrollably at
                  | your foes. [a neqoxec]
112431 | Depths:2 | Escaped the Abyss
112466 | Hell     | Entered the Vestibule of Hell
112575 | Hell     | Noticed Geryon
112659 | Hell     | Killed Geryon
114707 | Hell     | Found a gateway to the decaying netherworld of Tartarus.
114824 | Hell     | Found a gateway to the Iron City of Dis.
114860 | Hell     | Found a gateway to the ashen valley of Gehenna.
115301 | Hell     | Found a gateway to the freezing wastes of Cocytus.
115618 | Geh:1    | Entered Level 1 of Gehenna
115649 | Geh:1    | Reached skill level 1 in Transmutations
116080 | Geh:2    | Reached skill level 5 in Transmutations
117456 | Zot:5    | Noticed an ancient lich
117468 | Zot:5    | Noticed a Killer Klown
117469 | Zot:5    | Killed an ancient lich
117668 | Zot:5    | Noticed a Killer Klown
117681 | Zot:5    | Killed a Killer Klown
117682 | Zot:5    | Reached skill level 10 in Transmutations
117723 | Zot:5    | Noticed a Killer Klown
117742 | Zot:5    | Noticed an orb of fire
117760 | Zot:5    | Gained mutation: Your spells are a little easier to cast,
                  | but a little less powerful. [an orb of fire]
117764 | Zot:5    | Gained mutation: You are clumsy. (Dex -2) [an orb of fire]
117766 | Zot:5    | Gained mutation: You have a pair of small horns on your
                  | head. [an orb of fire]
118070 | Zot:5    | Gained mutation: You frequently scream uncontrollably at
                  | your foes. [an orb of fire]
118082 | Zot:5    | Killed an orb of fire
118575 | Zot:5    | Killed a Killer Klown
118783 | Zot:5    | Noticed a Killer Klown
118960 | Zot:5    | Killed a Killer Klown
119420 | Zot:5    | Killed a Killer Klown
120549 | Zot:5    | Noticed a Killer Klown
120556 | Zot:5    | Killed a Killer Klown
120587 | Zot:5    | Noticed a Killer Klown
120603 | Zot:5    | Killed a Killer Klown
120934 | Zot:5    | Noticed an orb of fire
120943 | Zot:5    | Gained mutation: You are covered in fur. (AC +1) [an orb of
                  | fire]
120952 | Zot:5    | Killed an orb of fire
121029 | Zot:5    | Noticed a Killer Klown
121036 | Zot:5    | Killed a Killer Klown
121341 | Zot:5    | Noticed an orb of fire
121345 | Zot:5    | Gained mutation: You are very clumsy. (Dex -4) [an orb of
                  | fire]
121347 | Zot:5    | Killed an orb of fire
122190 | Zot:5    | Learned a level 8 spell: Borgnjor's Revivification
122779 | Zot:5    | Got the Orb of Zot
123485 | D:6      | Noticed Qiwir the pandemonium lord
123525 | D:6      | Noticed Mijetul the pandemonium lord
123537 | D:5      | Killed Mijetul the pandemonium lord
123679 | D:2      | Noticed Woowkey the pandemonium lord
123681 | D:2      | Gained mutation: You expend magic power (3 MP) to
                  | strengthen your wands. [a cacodemon]
123777 | D:$      | Escaped with the Orb!

Illustrated notes

######### ########
#####################
#......###≈≈≈≈≈≈≈....###...###
#.........≈.....≈≈≈≈.###...###
#......###≈.⌠.⌠....≈.###.....#
#####..####≈..@..._....##...#.#
#...##...##≈.⌠.⌠....≈.......#..
#...####.##≈.....≈≈≈≈.####.####
#...# #.##≈≈≈≈≈≈≈....####.####
#...# #...########.######.####
#...# ###.....####.######.####
#...# #####..###.# #.### #...#
##..##.# #.#.# #...#### ##..#.#
#.#.#


Turn 90450 on D:4: orc:1

Levels and vault maps discovered:
D:1:      amcnicky_arrival_blooded_trapdoor, layout_basic,
          shapermc_ecumenical_altar_mp_ritualfount
D:2:      layout_basic
D:3:      kennysheep_six_static_rooms, layout_basic,
          nemelex_diamond_rough_becter, mainiacjoe_overflow_surrounded_room,
          uniq_crazy_yiuf_cottage, uniq_grinder, uniq_sigmund, uniq_ijyb
D:4:      layout_rooms, riverfiend_overflow_shadow_ancestor,
          nicolae_gozag_zags_fifth_avenue, minmay_temple_entry_glass, uniq_robin
D:5:      layout_rooms, cheibrodos_sewer_entry_drain, fountainhead, hex_tiny
D:6:      layout_loops_cross, uniq_eustachio
D:7:      minmay_klotski, layout_basic, uniq_menkaure
D:8:      layout_loops_ring, trog_ov_bears_minmay, david_lair_shrubbed,
          minmay_evil_grid
D:9:      layout_stronghold, kennysheep_mini, minmay_the_grid_2x2
          [minmay_the_grid_box_x, minmay_the_grid_zigzag_pyramid,
          minmay_the_grid_all_tris, minmay_the_grid_prize_big_room],
          uniq_prince_ribbit1
D:10:     layout_basic, mainiacjoe_overflow_paths, serial_shops,
          kennysheep_little_box, hangedman_abyss_or_decor_stabs
D:11:     layout_layer_cave, hiddenorc1_lemuel, kennysheep_another_room
D:12:     minmay_quarter_circles, layout_basic, chequers_serial_rivers_small_b,
          cheibrodos_worm_habitat
D:13:     layout_basic, special_room [special_room_bee], tso_oasis_becter
D:14:     layout_irregular_city, david_vaults_4
D:15:     grunt_enter_depths_snipers, layout_small_grid, old_standard_altar
Temple:   dpeg_chambers_temple
Lair:1:   layout_hall_layers, gauntlet_entry_generic, special_room,
          uniq_gastronok
Lair:2:   layout_loops_ring, uniq_nergalle
Lair:3:   layout_roguey, spider_nest_entry_webs, minmay_holes,
          lemuel_fruit_fields, grunt_megastairs_3
Lair:4:   layout_regular_city, palyth_hydra_swamp_entry,
          kennysheep_catoblepas_arena, grunt_megastairs_4
Lair:5:   layout_misc_corridors, dpeg_slime_entry_enclosed_altar
Lair:6:   hangedman_lair_caniforms_friends, layout_cellular_growth
Swamp:1:  layout_falls_marsh, ebering_ghost_rock_garden,
          evilmike_swamp_ruin_house_1
Swamp:2:  layout_basic_swamp, hangedman_swamp_ruin_hall,
          infiniplex_staircase_pool_2
Swamp:3:  layout_basic_swamp, evilmike_swamp_ruin_rubble_2, ldierk_geyser
Swamp:4:  swamp_old_school, layout_basic_swamp, swamp_pool5
Spider:1: nicolae_spider_hilbert_zone_2 [nicolae_spider_hilbert_4_sides_1_open,
          nicolae_spider_hilbert_4_sides_1_open,
          nicolae_spider_hilbert_4_sides_1_open,
          nicolae_spider_hilbert_4_sides_1_open,
          nicolae_spider_hilbert_6_sides_1_open,
          nicolae_spider_hilbert_6_sides_1_open,
          nicolae_spider_hilbert_3_sides_1_open,
          nicolae_spider_hilbert_3_sides_1_open,
          nicolae_spider_hilbert_3_sides_1_open,
          nicolae_spider_hilbert_3_sides_1_open,
          nicolae_spider_hilbert_6_sides_1_open,
          nicolae_spider_hilbert_6_sides_1_open,
          nicolae_spider_hilbert_6_sides_1_open,
          nicolae_spider_hilbert_6_sides_1_open], ebering_ghost_rock_garden
Spider:2: layout_spider_delve, nicolae_spider_cling_halls, uniq_donald
Spider:3: layout_spider_delve, nicolae_spider_rock_and_or_roll
Spider:4: grunt_spider_rune_circles, nicolae_spider_moth_buddies
Slime:1:  layout_caves
Slime:2:  layout_caves, uniq_dissolution
Slime:3:  layout_caves
Slime:4:  layout_caves, basic_altar, dissolution_awaits
Slime:5
Orc:1:    nicolae_orc_accident_1, layout_caves, uniq_maurice
Orc:2:    st_orc_congregation, layout_diamond_mine, uniq_rupert
Elf:1:    eino_elf_arrival_sip, layout_loops_cross, basic_altar,
          minmay_elf_annihilation, corner_web_ring, minmay_misc_feat_pillars
Elf:2:    nicolae_elf_blades_crystal_corner, layout_loops_corners, serial_shops,
          nicolae_stop_n_shop_1, uniq_azrael, uniq_saint_roka
Elf:3:    minmay_elf_hall_spiked, layout_gridlike, evilmike_minifort
Vaults:1: nicolae_vaults_theta, v_alt_pattern_3, dpeg_vaults_monster_row,
          ontoclasm_vaults_gateway, v_misc_16, vaults_mumra_chevron_long,
          v_alt_pattern_2, nicolae_vaults_diagonal_hallway_7,
          ontoclasm_vaults_pinch, vaults_mumra_chevron, dpeg_vaults_monster_box,
          nicolae_vaults_theta, layout_vaults_ring, serial_shops,
          nicolae_shop_advertising_works [nicolae_subvault_shop_adworks]
Vaults:2: minmay_crypt_entry_simple_statues, st_octagons_1,
          ontoclasm_vaults_hangar, hangedman_vaults_trim,
          nicolae_vaults_rhombus_5, layout_vaults_omnigrid
Vaults:3: nicolae_vaults_minivaults, nicolae_vaults_gold_heap, v_misc_18,
          nicolae_vaults_what_the_h, nicolae_vaults_angled_halls, v_rooms_1,
          vaults_room_ringed_pool, ontoclasm_vaults_eye, v_misc_2,
          nicolae_vaults_twisting_passages, layout_vaults_omnibox, serial_shops,
          nicolae_diamond_shop
Vaults:4: nicolae_vaults_lopsided_apartments, v_misc_2, vaults_dpeg_spiral,
          vaults_room_door_hall, nicolae_vaults_theta,
          nicolae_vaults_sealed_display, layout_vaults_big_room, uniq_jory
Vaults:5
Crypt:1:  layout_gridlike, minivault_26, roderic_lattice_octagonal_star
Crypt:2:  layout_misc_corridors, basic_altar
Crypt:3:  cryptofortress_bobbens, uniq_frederick
Tomb:1
Depths:1: minmay_cut_squares, layout_long_grid, enter_ziggurat_f, hell_entry,
          skrybe_limestone_x, hangedman_decor_push, hellmonk_scarab_ruin,
          firewood_loft
Depths:2: nicolae_cairo_tiling_large_dashed, layout_cave_shapes,
          abyss_entry_glasseish, grunt_pan_entry_in_and_out, hell_entry,
          infiniplex_staircase_zigzag_3, nicolae_barding_shop
Depths:3: minmay_skeleton_keep, layout_cave_pools,
          nicolae_trove_entry_path_of_doom, hell_entry, serial_column_ruins,
          column_ruins_temple_circle, column_ruins_corridor_straight,
          column_ruins_grid_1, column_ruins_grid_1, column_ruins_open_tiny,
          column_ruins_corridor_straight, abyss_entry_flame_altar,
          nicolae_ru_sacrificial_ziggurat
Depths:4: evilmike_zot_entry_basic, layout_gridlike, hell_entry,
          nicolae_uskayaw_suspiria, grunt_megastairs_5, serial_bayou_shore_b,
          minmay_shop_star, serial_bayou_shore_b, uniq_mennas
Hell
Geh:1:    layout_gehenna_lava_caves
Geh:2:    layout_gehenna_pools_basic
Zot:1:    layout_gridlike, grunt_megastairs_2
Zot:2:    layout_gridlike, st_stairs_7, grunt_megastairs_1
Zot:3:    layout_cellular_growth
Zot:4:    layout_gridlike, uniq_tiamat
Zot:5:    layout_concentric_octagons, hangedman_zot_decor_checkerboard,
          grunt_ministairs_7

Skill      XL: |  1  2  3  4  5  6  7  8  9 10 11 12 13 14 15 16 17 18 19 20 21 22 23 24 25 26 27 |
---------------+----------------------------------------------------------------------------------+-----
Short Blades   | 3 4 5 6 9 13 14 17 23 25 | 25.4
Stealth        | 6 7 8 9 11 12 13 17 18 21 | 21.6
Fighting       | 3 4 5 7 12 14 15 17 20 | 20.6
Throwing       | 3 4 5 |  5.9
Dodging        | 2 10 12 | 12.6
Hexes          | 6 10 11 | 11.9
Spellcasting   | 4 6 7 11 13 14 15 16 | 16.0
Shields        | 4 7 9 |  9.0
Summonings     | 6 11 13 | 13.8
Poison Magic   | 6 |  6.8
Evocations     | 3 8 13 | 13.4
Fire Magic     | 8 13 15 16 18 | 18.0
Translocations | 3 10 11 | 11.6
Armour         | 5 9 16 | 16.2
Necromancy     | 10 11 12 | 12.0
Transmutations | 14 | 14.9

Action                   |  1- 3 |  4- 6 |  7- 9 | 10-12 | 13-15 | 16-18 | 19-21 | 22-24 | 25-27 || total
-------------------------+-------+-------+-------+-------+-------+-------+-------+-------+-------++-------
Melee: Dagger            |    80 |   136 |   464 |   213 |       |       |       |       |       ||   893
       Punch             |     2 |       |    19 |    17 |       |       |       |       |       ||    38
       Short sword       |       |       |   321 |   580 |   675 |       |       |       |  1833 ||  3409
       Rapier            |       |       |       |       |  1261 |  1318 |   874 |  1643 |  1087 ||  6183
       Headbutt          |       |       |       |       |       |       |       |       |    84 ||    84
Throw: Dart              |       |    20 |     1 |    22 |     1 |       |       |       |       ||    44
 Cast: Ensorcelled Hiber |       |       |       |    24 |    45 |    91 |    97 |    23 |    57 ||   337
       Summon Hydra      |       |       |       |       |    49 |    39 |    87 |   123 |   216 ||   514
       Olgreb's Toxic Ra |       |       |       |       |       |    35 |    11 |     9 |    16 ||    71
       Confusing Touch   |       |       |       |       |       |     4 |     9 |    28 |     1 ||    42
       Ignite Poison     |       |       |       |       |       |    16 |     4 |     1 |     8 ||    29
       Ignition          |       |       |       |       |       |       |    37 |    55 |   190 ||   282
       Malign Gateway    |       |       |       |       |       |       |     1 |    16 |    43 ||    60
       Haunt             |       |       |       |       |       |       |       |     3 |   111 ||   114
       Silence           |       |       |       |       |       |       |       |       |     1 ||     1
       Passwall          |       |       |       |       |       |       |       |       |     4 ||     4
       Swiftness         |       |       |       |       |       |       |       |       |     3 ||     3
       Blink             |       |       |       |       |       |       |       |       |     1 ||     1
Invok: Curse Item        |       |       |     2 |     5 |     4 |     2 |     1 |     2 |     5 ||    21
       Shatter the Chain |       |       |       |       |     1 |     2 |     1 |     3 |     5 ||    12
Evoke: Wand              |       |     1 |    16 |    24 |     6 |     5 |       |     5 |     5 ||    62
       Box of beasts     |       |       |       |       |       |       |       |       |     1 ||     1
       Condenser vane    |       |       |       |       |       |       |       |       |     1 ||     1
  Use: Scroll            |       |       |    13 |     5 |     9 |     5 |     6 |     8 |    34 ||    80
       Potion            |       |       |       |       |     3 |       |     5 |     2 |    26 ||    36
 Stab: Sleeping          |    13 |    20 |    47 |    51 |    71 |   163 |    95 |    68 |   171 ||   699
       Paralysed         |       |     1 |     4 |     1 |     2 |       |       |       |       ||     8
       Distracted        |       |       |     2 |     3 |    20 |    11 |    19 |    41 |   139 ||   235
       Petrified         |       |       |       |       |     1 |       |       |       |       ||     1
       Confused          |       |       |       |       |       |     1 |     8 |    29 |     3 ||    41
       Invisible         |       |       |       |       |       |       |       |       |     8 ||     8
Armor: Robe              |    12 |    39 |   268 |    91 |   226 |   163 |   164 |   298 |   243 ||  1504
       Leather armour    |       |       |       |       |       |       |       |       |    67 ||    67
Dodge: Dodged            |    45 |    80 |   517 |   559 |  1450 |   995 |   843 |  1439 |  2392 ||  8320
Block: Buckler           |       |       |       |    35 |   751 |   560 |   388 |   755 |  1379 ||  3868

Table legend: (Time is in decaauts)
 A = Elapsed time spent in this place.
 B = Non-inter-level travel time spent in this place.
 C = Inter-level travel time spent in this place.
 D = Time resting spent in this place.
 E = Time spent auto-exploring this place.
 F = Levels seen in this place.
 G = Mean time per level.
                   A        B        C        D        E       F      G
               +--------+--------+--------+--------+--------+-----+--------+
         Total | 119786 | 105694 |  14092 |  26259 |  53774 |  73 | 1640.9 |
       Dungeon |  27380 |  21807 |   5573 |   3039 |  14688 |  15 | 1825.3 |
        Temple |    272 |    238 |     34 |      0 |    223 |   1 |  272.0 |
          Lair |  10186 |   9172 |   1014 |   2153 |   5199 |   6 | 1697.7 |
         Swamp |   5785 |   5356 |    429 |   1303 |   3104 |   4 | 1446.2 |
   Spider Nest |   7501 |   6673 |    828 |   1036 |   4139 |   4 | 1875.2 |
    Slime Pits |   4833 |   4371 |    462 |   1315 |   2215 |   5 |  966.6 |
  Orcish Mines |   2929 |   2560 |    369 |    174 |   1613 |   2 | 1464.5 |
   Elven Halls |   6437 |   6098 |    339 |   1346 |   3254 |   3 | 2145.7 |
        Vaults |  16216 |  14376 |   1840 |   4603 |   6338 |   5 | 3243.2 |
         Crypt |   6850 |   6429 |    421 |   1842 |   2769 |   3 | 2283.3 |
          Tomb |   2789 |   2721 |     68 |    266 |    756 |   1 | 2789.0 |
        Depths |   8772 |   7929 |    843 |   2554 |   3644 |   4 | 2193.0 |
          Hell |   1756 |   1647 |    109 |    302 |    870 |   1 | 1756.0 |
       Gehenna |    288 |    165 |    123 |      0 |      0 |   2 |  144.0 |
           Zot |  14530 |  12894 |   1636 |   6127 |   4191 |   5 | 2906.0 |
         Abyss |   1769 |   1769 |      0 |     36 |      0 |  10 |  176.9 |
         Sewer |   1000 |   1000 |      0 |    160 |    521 |   1 | 1000.0 |
      Gauntlet |    485 |    485 |      0 |      0 |    247 |   1 |  485.0 |
               +--------+--------+--------+--------+--------+-----+--------+

Top non-repeatable levels by time:
   Zot:5: 5945 daAuts
Vaults:4: 4219 daAuts
Vaults:5: 3763 daAuts
   Zot:4: 3541 daAuts
Depths:2: 3455 daAuts
     D:8: 3201 daAuts
   Elf:3: 3090 daAuts
 Crypt:3: 3062 daAuts
Vaults:3: 2987 daAuts
  Tomb:1: 2789 daAuts
Vaults:1: 2740 daAuts
     D:3: 2678 daAuts
Vaults:2: 2505 daAuts
     D:9: 2475 daAuts
  Lair:6: 2433 daAuts
